 Dungeon Crawl Stone Soup version 0.30-b1-2-g02819fbbbe (webtiles) character file.

Game seed: 10999469415781972285

57 Luthien the Conjurer (level 3, -1/19 HPs)
             Began as a Deep Elf Conjurer on Oct 20, 2023.
             Slain by a gnoll
             ... wielding a +0 flail
              (5 damage)
             ... on level 2 of the Dungeon.
             The game lasted 00:03:57 (1258 turns).

Luthien the Conjurer (Deep Elf Conjurer)            Turns: 1258, Time: 00:03:58

Health: -1/19      AC:  5    Str:  4    XL:     3   Next: 73%
Magic:  10/10      EV: 13    Int: 24    God:
Gold:   18         SH:  0    Dex: 13    Spells: 6/9 levels left

rFire   . . .        j - +2 dagger (venom)
rCold   . . .        (no shield)
rNeg    . . .        a - +0 robe
rPois   .            g - +2 hat
rElec   .            (no cloak)
rCorr   .            d - +0 pair of gloves
SInv    .            (no boots)
Will    .....        (no amulet)
Stlth   ++           (no ring)
HPRegen 0.23/turn    (no ring)
MPRegen 0.12/turn

%: no passive effects
@: no status effects
A: no striking features
a: no special abilities


You were on level 2 of the Dungeon.
You visited 1 branch of the dungeon, and saw 2 of its levels.

You collected 18 gold pieces.

Inventory:

Hand Weapons
 c - a +0 whip
 j - a +2 dagger of venom (weapon)
Missiles
 h - 11 stones
Armour
 a - a +0 robe (worn)
 d - a +0 pair of gloves (worn)
 g - a +2 hat (worn)
Scrolls
 e - a scroll of butterflies {unknown}
 i - a scroll of teleportation {unknown}
 k - a scroll of fog {unknown}
 l - 2 scrolls of blinking {unknown}
 m - a scroll of amnesia {unknown}
Potions
 b - a potion of magic
 f - a potion of ambrosia {unknown}


   Skills:
 + Level 3.2 Dodging
 + Level 3.4 Stealth
 + Level 3.8 Spellcasting
 + Level 4.8 Conjurations


You had 6 spell levels left.
You knew the following spells:

 Your Spells              Type           Power      Damage    Failure   Level
a - Magic Dart            Conj           100%       1d8       1%          1
b - Searing Ray           Conj           54%        2d6       1%          2

Your spell library contained the following spells:

 Spells                   Type           Power      Damage    Failure   Level
 Dazzling Flash           Conj/Hex       32%        N/A       11%         3
 Fulminant Prism          Conj/Hex       8%         3d7       36%         4
 Iskenderun's Mystic Bla  Conj/Tloc      16%        2d5       36%         4


Dungeon Overview and Level Annotations

Branches:
Dungeon (2/15)

Altars:


Message History

Aim: a gnoll, wielding a +0 club (asleep, 100% to hit)
The searing ray hits the gnoll!
The gnoll is almost dead.
The gnoll shouts! (Press . to maintain the ray.)
You hear a shout!
The searing ray hits the gnoll.
You kill the gnoll!
A gnoll comes into view. It is wielding a +0 spear.
The searing ray hits the gnoll.
The gnoll is heavily wounded.
You finish channelling your searing ray.
The gnoll closely misses you.
Casting: Searing Ray (safe; 2% risk of failure)
Confirm with . or Enter, or press ? or * to list all spells.
Aiming: Searing Ray (safe; 2% risk of failure)
Press: ? - help, Shift-Dir - straight line, f - gnoll
Aim: a gnoll, wielding a +0 spear (heavily wounded, 82% to hit)
The searing ray hits the gnoll!
You kill the gnoll! (Press . to maintain the ray.)
You hear a shout!
A gnoll comes into view. It is wielding a +0 flail.
The searing ray hits the gnoll.
The gnoll is lightly wounded.
The searing ray hits the gnoll.
The gnoll is heavily wounded.
You finish channelling your searing ray.
The gnoll completely misses you. The gnoll attacks as you move away!
The gnoll hits you with a +0 flail. The gnoll attacks as you move away!
The gnoll hits you with a +0 flail. The gnoll attacks as you move away!
The gnoll barely misses you. The gnoll attacks as you move away!
The gnoll closely misses you. The gnoll attacks as you move away!
The gnoll barely misses you. The gnoll attacks as you move away!
The gnoll closely misses you. The gnoll attacks as you move away!
The gnoll hits you with a +0 flail. The gnoll attacks as you move away!
The gnoll hits you with a +0 flail.
* * * LOW HITPOINT WARNING * * *
Magic courses through your body. The gnoll hits you with a +0 flail.
You die...

#..####.###.#
............# #.#
#.#
#..####.###.####
#.# #.#
...........# #.#
#.# .....######.#
#.# ..# #.######
#.# #.# #.# . #.#
#.# #.# #g####.#
#####.#
#.@....######.....#
#######............
#.#####.##### #.#
#.# #.# #.##### #.#
#...... #.# ######.
#.# #. #.# #.


You could see a gnoll.

Vanquished Creatures
  3 gnolls
  A dart slug (D:1)
  5 endoplasms (D:1)
  A giant cockroach (D:1)
  6 goblins
  A hobgoblin (D:1)
  2 kobolds (D:1)
  A quokka (D:1)
  A ball python (D:1)
  2 frilled lizards (D:1)
  2 rats
25 creatures vanquished.

Notes
Turn   | Place    | Note
-------+----------+-------------------------------------------
     0 | D:1      | Luthien the Deep Elf Conjurer began the quest for the Orb.
     0 | D:1      | Reached XP level 1. HP: 10/10 MP: 6/6
   145 | D:1      | Reached XP level 2. HP: 15/15 MP: 1/8
   337 | D:1      | Learned a level 2 spell: Searing Ray
   641 | D:1      | Reached XP level 3. HP: 19/19 MP: 3/10
  1258 | D:2      | Slain by a gnoll

Illustrated notes

Levels and vault maps discovered:
D:1:      lemuel_arrival_funnel, layout_rooms
D:2:      layout_loops_ring, reono_crystal_passage, minmay_surrounded

Skill      XL: |  1  2 |
---------------+-------+-----
Stealth        | 3 |  3.4
Dodging        | 3 |  3.2
Spellcasting   | |  3.8
Conjurations   | |  4.8

Action                     || total
---------------------------++-------
   Cast: Magic Dart        ||    30
         Searing Ray       ||     7
    Use: Potion            ||     1
  Dodge: Dodged            ||     7
